 Dungeon Crawl Stone Soup version 0.24-a0-429-g4608c8fa30 (webtiles) character file.

Game seed: 18432166147274789468

3832 Kuinu the Fighter (level 9, 0/85 HPs)
             Began as a Green Draconian Berserker on June 13, 2019.
             Was an Elder of Trog.
             Slain by a yak (13 damage)
             ... on level 8 of the Dungeon.
             The game lasted 00:14:47 (7329 turns).

Kuinu the Fighter (Green Draconian Berserker)       Turns: 7329, Time: 00:14:48

Health: 0/85       AC:  8    Str: 24    XL:     9   Next: 98%
Magic:  9/9        EV: 15    Int:  7    God:    Trog [****..]
Gold:   448        SH:  6    Dex: 10    Spells: 8/8 levels left

rFire    . . .     SeeInvis .   e - +2 spear (distort)
rCold    . . .     Gourm    .   (no shield)
rNeg     + . .     Faith    .   (armour unavailable)
rPois    +         Spirit   .   (helmet restricted)
rElec    .         Reflect  +   (no cloak)
rCorr    .         Harm     .   t - +0 pair of gloves
MR       ++...                  (no boots)
Stlth    +.........             u - +6 amulet of reflection
HPRegen  1.24/turn              f - ring of positive energy
MPRegen  0.11/turn              (no ring)

@: berserk cooldown, regenerating, slowed, very slow
A: breathe noxious fumes, unfitting armour, poison resistance, cold-blooded, AC
+7
a: Breathe Noxious Fumes, Berserk, Trog's Hand, Brothers in Arms, Renounce
Religion


You were on level 8 of the Dungeon.
You worshipped Trog.
Trog was greatly pleased with you.
You were not hungry.

You visited 1 branch of the dungeon, and saw 9 of its levels.

You collected 448 gold pieces.

Inventory:

Hand Weapons
 a - a +0 falchion
 d - a +0 club
 e - a +2 spear of distortion (weapon)
Armour
 t - a +0 pair of gloves (worn)
Jewellery
 f - a ring of positive energy (left hand)
 u - a +6 amulet of reflection (around neck)
Wands
 p - a wand of clouds (5)
 w - a wand of flame (54)
Scrolls
 c - 2 scrolls of fear {unknown}
 g - a scroll of immolation {unknown}
 h - 4 scrolls of remove curse {unknown}
 i - a scroll of blinking {unknown}
 j - 2 scrolls of amnesia {unknown}
 q - a scroll of teleportation {unknown}
 s - a scroll of enchant weapon {unknown}
 y - a scroll of torment {unknown}
 z - a scroll of fog {unknown}
 A - a scroll of enchant armour {unknown}
 B - a scroll of summoning {unknown}
 E - a scroll of noise {unknown}
Potions
 l - a potion of mutation
 m - a potion of agility
 n - 4 potions of invisibility
 o - 2 potions of cancellation
 r - a potion of brilliance
 x - a potion of lignification
 C - 2 potions of haste {unknown}
 D - 2 potions of heal wounds {unknown}
Comestibles
 b - 14 rations


   Skills:
 * Level 9.6 Fighting
 * Level 8.9 Long Blades
 * Level 8.1 Dodging


You had 8 spell levels left.
You didn't know any spells.
Your spell library was empty.

Dungeon Overview and Level Annotations

Branches:
Dungeon (9/15)             Temple (0/1) D:7
   Lair: D:8-11         Orc: D:9-12

Altars:
Ashenzari
Dithmenos
Elyvilon
Hepliaklqana
Okawaru
Ru
Trog
Uskayaw
Vehumet
Yredelemnul
Zin

Annotations:
Abyss:1 Robin


Innate Abilities, Weirdness & Mutations

You can breathe blasts of noxious fumes.
Your lurid green scales are hard. (AC +7)
You cannot fit into any form of body armour.
Your system is resistant to poisons. (rPois)
You are cold-blooded and may be slowed by cold attacks.


Message History

The yak gores you!
* * * LOW HITPOINT WARNING * * *
You feel better. The quokka barely misses you. The yak closely misses you.
The quokka barely misses you.
You eat one of the 15 rations.
That ration really hit the spot!
The quokka barely misses you. The yak gores you!
* * * LOW HITPOINT WARNING * * *
The yak closely misses you. You block the quokka's attack.
You feel better. The quokka misses you. The yak gores you but does no damage.
The quokka bites you.
* * * LOW HITPOINT WARNING * * *
You fail to use your ability.
The yak gores you!
* * * LOW HITPOINT WARNING * * *
The quokka misses you. The yak gores you but does no damage.
The quokka twitches its whiskers.
The quokka misses you.
The quokka bites you but does no damage.
You feel the effects of Trog's Hand fading.
The yak gores you!
You die...

#..#.######.##.####
#..................
#..#.######.##.....
######(.((...((.....####
#.......................
#.###...#.###.#.##..####
#.#.........#.#.##..#
#.##..........#.##..#
#.###..@#.....#.##..####
#......rY...............
#####...............####
##########...#.#.#.#.##..####
#...............>............
##########.........#..#.#####
#...#.###.#.........
#...#.###.#..####### ###
#...................


You could see a yak and a quokka.

Vanquished Creatures
  A hippogriff (D:8)
  A hungry ghost (D:7)
  3 black bears (D:7)
  An ice beast (D:6)
  An orc warrior (D:8)
  4 ogres
  A phantom (D:4)
  A crocodile (D:8)
  3 centaurs
  5 bullfrogs
  A water moccasin zombie (D:6)
  5 scorpions
  A wyvern skeleton (D:6)
  3 killer bees (D:7)
  2 howler monkeys
  5 crimson imps
  A bullfrog zombie (D:7)
  2 jellies
  5 orc wizards
  4 hounds
  An orc priest (D:3)
  Ijyb (D:5)
  3 iguanas
  6 worker ants
  A howler monkey zombie (D:5)
  A worker ant zombie (D:6)
  5 gnolls
  8 adders
  2 shadow imps
  An adder zombie (D:5)
  A worm (D:3)
  4 dart slugs
  5 leopard geckos
  21 orcs
  7 giant cockroaches
  14 goblins
  12 hobgoblins
  10 jackals
  2 quokkas
  5 bats
  4 frilled lizards
  5 kobolds
  9 rats
  A spectral orc (D:2)
179 creatures vanquished.

Vanquished Creatures (others)
  A sky beast (D:5)
  A centaur (D:5)
  A bullfrog (D:7)
  A water moccasin skeleton (D:6)
  A crimson imp (D:6)
  A centaur zombie (D:6)
  An orc priest (D:7)
  An orc wizard (D:7)
  A bullfrog skeleton (D:8)
  2 gnolls (D:5)
  2 adders
  An ooze (D:3)
  2 orcs (D:5)
  A giant cockroach (D:3)
17 creatures vanquished.

Grand Total: 196 creatures vanquished

Notes
Turn   | Place    | Note
-------+----------+-------------------------------------------
     0 | D:1      | Kuinu the Draconian Berserker began the quest for the Orb.
     0 | D:1      | Reached XP level 1. HP: 19/19 MP: 1/1
   272 | D:1      | Reached XP level 2. HP: 25/26 MP: 2/2
   684 | D:2      | Reached XP level 3. HP: 30/33 MP: 3/3
   754 | D:2      | Reached ** piety under Trog
   829 | D:2      | Found a faded altar of an unknown god.
   857 | D:2      | Found a white marble altar of Elyvilon.
   869 | D:2      | Reached skill level 4 in Fighting
   870 | D:2      | Noticed Robin
   875 | D:2      | Banished Robin
   890 | D:2      | Reached XP level 4. HP: 26/40 MP: 4/4
  1201 | D:2      | Noticed an ogre
  1509 | D:2      | Found a basalt altar of Yredelemnul.
  1899 | D:3      | Reached XP level 5. HP: 25/47 MP: 5/5
  2320 | D:3      | Found a glowing silver altar of Zin.
  2612 | D:3      | Reached *** piety under Trog
  2668 | D:3      | Found a hazy altar of Hepliaklqana.
  2750 | D:4      | Found a shadowy altar of Dithmenos.
  2750 | D:4      | Found a sacrificial altar of Ru.
  2961 | D:4      | Found a hide-covered altar of Uskayaw.
  3057 | D:4      | Noticed an ogre
  3060 | D:4      | Reached skill level 5 in Fighting
  3060 | D:4      | Reached XP level 6. HP: 56/56 MP: 6/6
  3093 | D:4      | Reached skill level 5 in Long Blades
  3265 | D:4      | Your scales start taking on a lurid green colour.
  3265 | D:4      | Reached XP level 7. HP: 46/62 MP: 7/7
  3265 | D:4      | Gained mutation: Your system is resistant to poisons.
                  | (rPois) [Green Draconian growth]
  3442 | D:5      | Entered Level 5 of the Dungeon
  3453 | D:5      | Reached skill level 6 in Fighting
  3453 | D:5      | Reached skill level 5 in Dodging
  3697 | D:5      | Found a shattered altar of Ashenzari.
  4075 | D:5      | Noticed Ijyb
  4095 | D:5      | Reached XP level 8. HP: 55/71 MP: 8/8
  4106 | D:5      | Killed Ijyb
  4363 | D:6      | Reached skill level 7 in Fighting
  4518 | D:6      | Reached **** piety under Trog
  5140 | D:6      | Found a hide-covered altar of Uskayaw.
  5263 | D:6      | Reached skill level 8 in Fighting
  5372 | D:6      | Reached XP level 9. HP: 64/81 MP: 9/9
  5431 | D:7      | Found a bloodstained altar of Trog.
  5948 | D:7      | Found a staircase to the Ecumenical Temple.
  6078 | D:7      | Reached skill level 9 in Fighting
  6345 | D:7      | Found an iron altar of Okawaru.
  7007 | D:8      | Received a gift from Trog
  7008 | D:8      | Found a radiant altar of Vehumet.
  7287 | D:9      | Noticed a death yak
  7293 | D:9      | Noticed a troll
  7296 | D:9      | Noticed a death yak
  7296 | D:9      | Noticed a death yak
  7324 | D:8      | HP: 3/85 [yak (16)]
  7329 | D:8      | Slain by a yak

Levels and vault maps discovered:
D:1:      dpeg_arrival_arbitrary_c, layout_basic, hangedman_decor_riveting
D:2:      layout_loops_cross, yredelemnul_forgotten_temple_becter,
          lemuel_round_altar, chequers_ecumenical_altar_twisty,
          lightli_corner_chamber, uniq_robin
D:3:      layout_loops_ring, zin_statuary, marbit_many_paths, first_ration,
          minmay_quadrilaterals
D:4:      layout_cave_pools, grunt_temple_overflow_open,
          eat_drink_and_be_merry_uskayaw
D:5:      layout_basic, evilmike_ruin_ashenzari, uniq_ijyb
D:6:      minmay_razor_zed, layout_loops_ring, basic_altar, st_stairs_7,
          minmay_crystal_room, kennysheep_minor_cross
D:7:      layout_basic, kennysheep_little_box, trog_ov_bears_minmay,
          minmay_temple_entry_overgrown
D:8:      layout_basic, basic_altar, mrwooster_statue_mirror
D:9:      layout_rooms, kennysheep_mini, fedhas_altar_4, dpeg_lair_monsters,
          kennysheep_orc_monster_closet_entryway

Skill      XL: |  1  2  3  4  5  6  7  8  9 |
---------------+----------------------------+-----
Dodging        | 3 4 5 6 8 |  8.1
Fighting       | 4 5 6 8 9 |  9.6
Long Blades    | 4 5 6 7 8 |  8.9

Action                   |  1- 3 |  4- 6 |  7- 9 || total
-------------------------+-------+-------+-------++-------
Melee: Spear             |    68 |   113 |   423 ||   604
       Falchion          |     7 |       |       ||     7
       Tailslap          |     8 |     7 |    49 ||    64
Invok: Berserk           |     1 |     2 |     6 ||     9
       Trog's Hand       |       |       |     3 ||     3
  Use: Scroll            |       |       |     8 ||     8
       Potion            |       |       |     5 ||     5
 Stab: Sleeping          |     2 |     5 |     4 ||    11
  Eat: Chunk             |       |     9 |    17 ||    26
       Ration            |       |       |     2 ||     2
Armor: Skin              |    13 |    13 |    86 ||   112
Dodge: Dodged            |    40 |    51 |   260 ||   351
Block: Other             |       |       |    81 ||    81
       Reflection        |       |       |     4 ||     4
       Rpst.: Falchion   |     4 |       |       ||     4

Table legend:
 A = Non-vault XP
 B = Vault XP
 C = Vault XP percentage of total XP
 D = Non-vault monster count
 E = Vault monster count
 F = Vault count percentage of total count
                 A         B        C        D         E       F
            +---------+---------+-------+---------+---------+-------
      Total |    4454 |    1021 |  18.6 |     159 |      36 |  18.5
            +---------+---------+-------+---------+---------+-------
        D:1 |      28 |       0 |   0.0 |      17 |       0 |   0.0
        D:2 |      69 |      38 |  35.5 |      20 |      14 |  41.2
        D:3 |     103 |      15 |  12.7 |      20 |       7 |  25.9
        D:4 |     607 |       0 |   0.0 |      20 |       0 |   0.0
        D:5 |     723 |      36 |   4.7 |      21 |       1 |   4.5
        D:6 |     598 |     673 |  53.0 |      17 |      12 |  41.4
        D:7 |    1274 |     259 |  16.9 |      27 |       2 |   6.9
        D:8 |     962 |       0 |   0.0 |      16 |       0 |   0.0
        D:9 |      90 |       0 |   0.0 |       1 |       0 |   0.0
            +---------+---------+-------+---------+---------+-------
